 Dungeon Crawl Stone Soup version 0.31-a0-198-g2ad674f65e (webtiles) character file.

Game seed: 9281317454328721161

413 qw the Skirmisher (level 6, -1/36 HPs)
             Began as a Deep Elf Hunter on June 25, 2023.
             Succumbed to Blork the orc's poison
             ... on level 4 of the Dungeon.
             The game lasted 00:00:48 (2849 turns).

qw the Skirmisher (Deep Elf Hunter)                 Turns: 2849, Time: 00:00:49

Health: -1/36      AC:  6    Str: 10    XL:     6   Next: 59%
Magic:  8/8        EV:  9    Int: 14    God:
Gold:   216        SH:  5    Dex: 18    Spells: 5/5 levels left

rFire   . . .        Y - +0 shortbow
rCold   . . .        (shield currently unavailable)
rNeg    . . .        h - +0 scale mail
rPois   .            (no helmet)
rElec   .            (no cloak)
rCorr   .            (no gloves)
SInv    .            (no boots)
Will    .....        k - amulet of reflection
Stlth   +            (no ring)
HPRegen 0.26/turn    (no ring)
MPRegen 0.11/turn

%: reflection
@: lethally poisoned (-1 -> -32), about to teleport
A: no striking features
a: no special abilities


You were on level 4 of the Dungeon.
You visited 1 branch of the dungeon, and saw 4 of its levels.

You collected 216 gold pieces.


   Skills:
 - Level 2.8 Fighting
 + Level 9.3 Ranged Weapons
 - Level 1.1 Armour
 - Level 3.0 Dodging
 - Level 1.2 Stealth


You had 5 spell levels left.
You didn't know any spells.
Your spell library was empty.

Inventory:

Hand Weapons
 Y - a +0 shortbow (weapon)
Armour
 h - a +0 scale mail (worn)
 m - a +0 ring mail
Jewellery
 k - an amulet of reflection (around neck)
Scrolls
 a - 2 scrolls of teleportation
 b - 2 scrolls of fog {unknown}
 c - a scroll of identify
Potions
 d - a potion of heal wounds {unknown}
 e - a potion of berserk rage {unknown}
 f - a potion of degeneration {unknown}
 g - a potion of haste
 i - a potion of mutation {unknown}
 j - a potion of might {unknown}
 l - a potion of curing {unknown}

Dungeon Overview and Level Annotations

Branches:
Dungeon (4/15)
 Temple: D:4-7

Altars:
Dithmenos
Hepliaklqana

Annotations:
D:4 Blork the orc


Message History

Blork the orc comes into view.
He is wielding a +1 short sword of venom and wearing a +2 robe of cold resistance.
Blork the orc shouts!
Enter note:
Enter note:
Enter note:
Enter note:
Enter note:
Enter note: You shoot an arrow.
The arrow hits Blork the orc.
Blork the orc is lightly wounded.
You shoot an arrow.
The arrow hits Blork the orc but does no damage.
Blork the orc is lightly wounded.
Blork the orc hits you with a +1 short sword of venom.
You are poisoned.
You shoot an arrow. The arrow hits Blork the orc.
Blork the orc is moderately wounded.
You feel very sick.
Blork the orc hits you with a +1 short sword of venom.
You are more poisoned.
You shoot an arrow.
The arrow hits Blork the orc but does no damage.
Blork the orc is moderately wounded.
You feel very sick.
Blork the orc screams, "I'll decorate my home with your organs!"
Blork the orc hits you with a +1 short sword of venom.
You are lethally poisoned!
You shoot an arrow. The arrow closely misses Blork the orc.
You feel very sick. Blork the orc closely misses you.
You shoot an arrow. The arrow barely misses Blork the orc.
You feel very sick.
Blork the orc hits you with a +1 short sword of venom.
You are more poisoned.
Blork the orc hits you but does no damage.
You are more poisoned.
2849 ||| READING 3 scrolls of teleportation.
As you read the scroll of teleportation, it crumbles to dust.
You feel strangely unstable.
You die...

######## #......#
######### #......#
......o.# #.......
######@#### #.......
#.........# #.......
#.........# #.......
#.........# #......#
######.#### ####.#.. #.#
#.#..
########.############.#..
.........................
######.####...######.###


You could see Blork the orc.

Vanquished Creatures
  Sigmund (D:2)
  A black bear (D:4)
  2 orc priests (D:4)
  Jessica (D:2)
  2 adders (D:4)
  A worm (D:2)
  A dart slug (D:1)
  8 orcs
  5 bats
  4 endoplasms
  2 giant cockroaches
  3 goblins
  5 hobgoblins
  6 jackals (D:1)
  2 quokkas (D:1)
  6 ball pythons
  3 frilled lizards
  A kobold (D:3)
  2 rats
56 creatures vanquished.

Notes
Turn   | Place    | Note
-------+----------+-------------------------------------------
     0 | D:1      | qw the Deep Elf Hunter began the quest for the Orb.
     0 | D:1      | Reached XP level 1. HP: 12/12 MP: 3/3
     0 | D:1      | 0 ||| qw: Version: 0.3-a-22-g0ed2b0b
     0 | D:1      | 0 ||| qw: Game counter: 4897
     0 | D:1      | 0 ||| qw: Melee chars always use a shield: true
     0 | D:1      | 0 ||| qw: God list: Okawaru
     0 | D:1      | 0 ||| qw: Allow faded altars: false
     0 | D:1      | 0 ||| qw: Do Orc after clearing Dungeon:15 true
     0 | D:1      | 0 ||| qw: Do second Lair branch before Depths: true
     0 | D:1      | 0 ||| qw: Lair rune preference: random
     0 | D:1      | 0 ||| qw: Goals: Normal
     0 | D:1      | 0 ||| PLANNING D:1-11
   162 | D:1      | Reached skill level 6 in Ranged Weapons
   162 | D:1      | Reached XP level 2. HP: 16/16 MP: 4/4
   241 | D:1      | 241 ||| FLEEEEING.
   242 | D:1      | 242 ||| FLEEEEING.
   243 | D:1      | 243 ||| FLEEEEING.
   843 | D:1      | 843 ||| DROPPING scroll of butterflies.
   912 | D:2      | Reached XP level 3. HP: 20/20 MP: 5/5
   963 | D:2      | Noticed Jessica
   965 | D:2      | Killed Jessica
   966 | D:2      | Reached skill level 7 in Ranged Weapons
  1069 | D:2      | Noticed Sigmund
  1079 | D:2      | Killed Sigmund
  1080 | D:2      | Reached skill level 9 in Ranged Weapons
  1080 | D:2      | Reached XP level 4. HP: 9/25 MP: 6/6
  1080 | D:2      | Reached XP level 5. HP: 11/29 MP: 7/7
  1434 | D:2      | You fall into a shaft and drop 1 floor!
  1553 | D:3      | 1553 ||| UPGRADING to amulet of reflection.
  1558 | D:3      | 1558 ||| READING 2 scrolls labelled BUWNOA RERAE.
  1561 | D:3      | 1561 ||| READING scroll labelled DEITUTW GITUS.
  1865 | D:2      | 1865 ||| DROPPING ring of magical power.
  2217 | D:3      | Found a shadowy altar of Dithmenos.
  2218 | D:3      | Noticed a shadow
  2221 | D:3      | Found a hazy altar of Hepliaklqana.
  2327 | D:3      | Reached skill level 3 in Dodging
  2348 | D:3      | 2348 ||| UPGRADING to +0 scale mail.
  2358 | D:3      | 2358 ||| DROPPING +0 leather armour.
  2359 | D:3      | 2359 ||| READING scroll labelled OVAEJATEOLIQ.
  2360 | D:3      | 2360 ||| DRINKING 2 glowing emerald potions.
  2555 | D:4      | Noticed a black bear
  2566 | D:4      | Killed a black bear
  2567 | D:4      | Reached XP level 6. HP: 18/36 MP: 8/8
  2662 | D:4      | 2662 ||| Stepping ~*~*~tactically~*~*~ (outnumbered).
  2675 | D:4      | Reached skill level 1 in Armour
  2842 | D:4      | Noticed Blork the orc
  2848 | D:4      | HP: 8/36 [poisoned by Blork the orc]
  2849 | D:4      | 2849 ||| READING 3 scrolls of teleportation.
  2849 | D:4      | Succumbed to Blork the orc's poison

Levels and vault maps discovered:
D:1:      saegor_arrival_fortress, layout_loops_ring, nicolae_titane
D:2:      layout_basic, uniq_sigmund, uniq_jessica
D:3:      layout_loops_ring, riverfiend_overflow_shadow_ancestor
D:4:      layout_basic, uniq_blork_the_orc

Skill      XL: |  1  2  3  4  5  6 |
---------------+-------------------+-----
Ranged Weapons | 6 9 |  9.3
Dodging        | 3 |  3.0
Fighting       | 2 |  2.8
Armour         | 1 |  1.1
Stealth        | |  1.2

Action                     |  1- 3 |  4- 6 || total
---------------------------+-------+-------++-------
   Fire: Shortbow          |    93 |    93 ||   186
    Use: Scroll            |       |     4 ||     4
         Potion            |       |     1 ||     1
 Armour: Leather armour    |    15 |     1 ||    16
         Scale mail        |       |    32 ||    32
  Dodge: Dodged            |    34 |    29 ||    63
  Block: Other             |       |    12 ||    12

Table legend:
 A = Non-vault XP
 B = Vault XP
 C = Vault XP percentage of total XP
 D = Non-vault monster count
 E = Vault monster count
 F = Vault count percentage of total count
                 A         B        C        D         E       F
            +---------+---------+-------+---------+---------+-------
      Total |     339 |     251 |  42.5 |      54 |       2 |   3.6
            +---------+---------+-------+---------+---------+-------
        D:1 |      36 |       0 |   0.0 |      18 |       0 |   0.0
        D:2 |      24 |     251 |  91.3 |      12 |       2 |  14.3
        D:3 |      20 |       0 |   0.0 |      10 |       0 |   0.0
        D:4 |     259 |       0 |   0.0 |      14 |       0 |   0.0
            +---------+---------+-------+---------+---------+-------
